 Dungeon Crawl Stone Soup version 0.23-a0-299-g9a66eeb (webtiles) character file.

123344 Amnesiac the Slingshot (level 16, 0/80 HPs)
             Began as a Spriggan Fighter on Oct 6, 2018.
             Was an Initiate of Gozag.
             Killed by divine providence
             ... invoked by a daeva
              (15 damage)
             ... on level 5 of the Abyss.
             The game lasted 01:14:07 (30477 turns).

Amnesiac the Slingshot (Spriggan Fighter)          Turns: 30477, Time: 01:14:08

Health: 0/80       AC: 21    Str: 26    XL:     16   Next: 36%
Magic:  32/32      EV: 29    Int: 10    God:    Gozag
Gold:   9730       SH: 10    Dex: 21    Spells: 7/15 levels left

rFire    + . .     SeeInvis +   a - +7 fustibalus of Kindness {freeze, rPois rN+}
rCold    + + +     Gourm    .   c - +1 buckler
rNeg     + + .     Faith    .   L - +0 ice dragon scales
rPois    +         Spirit   .   V - +2 hat {SInv}
rElec    .         Reflect  .   P - +2 cloak {+Inv}
rCorr    .         Harm     +   (gloves unavailable)
MR       ++...                  (boots unavailable)
Stlth    +.........             Z - amulet "Giukkul" {Harm *Drain rF+ rN+ Dex+7 Slay-4}
HPRegen  0.23/turn              Y - ring of Insomnia {*Contam +Inv AC+4 Str+3}
MPRegen  0.23/turn              I - ring of the Mutiny {rF+ rC+ MP+9 Str+4 Dex-3}

@: about to teleport, glowing, very quick
A: very small, unfitting armour, see invisible, herbivore, speed 3, mutation
resistance 1, slow metabolism 2, strong 1, wild magic 1
a: Potion Petition, Call Merchant, Bribe Branch, Renounce Religion, Evoke
Invisibility


You were on level 5 of the Abyss.
You worshipped Gozag.
Gozag was greatly pleased with you.
You were full.

You visited 5 branches of the dungeon, and saw 25 of its levels.
You visited the Abyss 1 time.
You also visited: Labyrinth, Sewer, Bailey and Ice Cave.

You collected 10318 gold pieces.
You spent 433 gold pieces at shops.
You paid 155 gold pieces to Gozag.

Inventory:

Hand Weapons
 a - the +7 fustibalus of Kindness (weapon) {freeze, rPois rN+}
   (You found it on level 5 of the Dungeon)

   It causes projectiles fired from it to freeze those they strike, causing
   extra injury to most foes and up to half again as much damage against
   particularly susceptible opponents.
   They can also slow down cold-blooded creatures.
   It protects you from poison.
   It protects you from negative energy.
 b - the +8 dagger of Cheese {freeze, Dex+4}
   (You found it on level 6 of the Dungeon)

   It has been specially enchanted to freeze those struck by it, causing extra
   injury to most foes and up to half again as much damage against particularly
   susceptible opponents.
   It can also slow down cold-blooded creatures.
   It affects your dexterity (+4).
 i - a +1 fustibalus of flaming
 K - a +2 scimitar of flaming
 X - the +8 rapier "Hydraslayer" {chaos, rElec rC+ rN+ Dex-4}
   (You found it in a labyrinth)

   Each time it hits an enemy it has a different, random effect.
   It affects your dexterity (-4).
   It protects you from cold.
   It insulates you from electricity.
   It protects you from negative energy.
Missiles
 o - 181 sling bullets
 t - 280 stones (quivered)
Armour
 c - a +1 buckler (worn)
 y - the +4 robe "Raral" {Int+2 Stlth+}
   (You found it on level 4 of the Dungeon)

   It affects your intelligence (+2).
   It makes you more stealthy.
 E - a +2 robe of fire resistance
 L - +0 ice dragon scales (worn)
 P - a +2 cloak of invisibility (worn)
 V - a +2 hat of see invisible (worn)
Jewellery
 r - the ring of Ramuemuy {+Blink rC++ Str+7 Stlth+}
   (You found it in a bailey)

   [ring of stealth]

   It affects your strength (+7).
   It greatly protects you from cold.
   It lets you blink.
   It makes you more stealthy.
 v - an uncursed ring of wizardry
 x - an uncursed ring of poison resistance
 C - an uncursed ring of protection from fire
 I - the ring of the Mutiny (right hand) {rF+ rC+ MP+9 Str+4 Dex-3}
   (You found it on level 6 of the Lair of Beasts)

   [ring of protection from fire]

   It affects your strength (+4).
   It affects your dexterity (-3).
   It protects you from fire.
   It protects you from cold.
   It affects your magic capacity (+9).
 J - an uncursed ring of flight
 O - an uncursed ring of magical power
 W - a +4 amulet of reflection
 Y - the ring of Insomnia (left hand) {*Contam +Inv AC+4 Str+3}
   (You found it in a labyrinth)

   [ring of protection]

   It affects your AC (+4).
   It affects your strength (+3).
   It lets you turn invisible.
   It causes magical contamination when unequipped.
 Z - the amulet "Giukkul" (around neck) {Harm *Drain rF+ rN+ Dex+7 Slay-4}
   (You found it in an ice cave)

   [amulet of harm]

   It increases damage dealt and taken.
   It affects your dexterity (+7).
   It affects your accuracy and damage with ranged weapons and melee attacks
   (-4).
   It protects you from fire.
   It protects you from negative energy.
   It causes draining when unequipped.
Wands
 e - a wand of paralysis (40)
 p - a wand of acid (4)
 M - a wand of clouds (8)
 R - a wand of iceblast (36)
 T - a wand of digging (12)
Scrolls
 g - 12 scrolls of teleportation {!r}
 m - 18 scrolls of remove curse {!r}
 n - 7 scrolls of enchant armour {!r}
 s - 2 scrolls of magic mapping {!r}
 u - 3 scrolls of identify {!r}
 H - a scroll of blinking {!r}
 N - 2 scrolls of fear {!r}
 S - 2 scrolls of fog {!r}
 U - a scroll of summoning {!r}
Potions
 d - 2 potions of might {!q}
 h - 6 potions of heal wounds {!q}
 j - 2 potions of cancellation {!q}
 k - 2 potions of invisibility {!q}
 l - 5 potions of agility {!q}
 q - 3 potions of haste {!q}
 w - 5 potions of flight {!q}
 z - 3 potions of resistance {!q}
 B - 3 potions of magic {!q}
 D - 7 potions of curing {!q}
 F - 3 potions of mutation {!q}
Miscellaneous
 A - a fan of gales
 G - a phantom mirror
Comestibles
 f - 32 rations


   Skills:
 - Level 7.6 Fighting
 - Level 8.0 Short Blades
 + Level 23.7 Slings
 - Level 8.2 Armour
 - Level 14.7 Dodging
 - Level 8.0 Stealth
 - Level 7.3 Shields
 - Level 8.5 Evocations


You had 7 spell levels left.
You knew the following spells:

 Your Spells              Type           Power        Failure   Level  Hunger
a - Corpse Rot            Necr           N/A          86%         2    ###....
b - Passwall              Tmut/Erth      #.......     86%         2    ###....
e - Confuse               Hex            #.......     97%         3    ####...
z - Confusing Touch       Hex            #.....       73%         1    ##.....

Your spell library contained the following spells:

 Spells                   Type           Power        Failure   Level  Hunger
 Corona                   Hex            #......      73%         1    ##.....
 Sandblast                Erth           #.....       73%         1    ##.....
 Ensorcelled Hibernation  Hex/Ice        #.....       86%         2    ###....
 Sublimation of Blood     Necr           #.........   86%         2    ###....
 Conjure Flame            Conj/Fire      #.......     97%         3    ####...
 Dazzling Spray           Conj/Hex       #.....       97%         3    ####...
 Gell's Gravitas          Tloc           #.........   97%         3    ####...
 Ignite Poison            Fire/Tmut/Pois #.......     97%         3    ####...
 Mephitic Cloud           Conj/Pois/Air  #.......     97%         3    ####...
 Portal Projectile        Hex/Tloc       #.....       97%         3    ####...
 Spectral Weapon          Hex/Chrm       #.......     97%         3    ####...
 Stone Arrow              Conj/Erth      #.....       97%         3    ####...
 Tukima's Dance           Hex            #.......     97%         3    ####...
 Leda's Liquefaction      Hex/Erth       #.........   100%        4    #####..
 Petrify                  Tmut/Erth      #.......     100%        4    #####..
 Agony                    Necr           #.......     100%        5    ######.
 Bolt of Draining         Conj/Necr      #.........   100%        5    ######.
 Bolt of Magma            Conj/Fire/Erth #.........   100%        5    ######.
 Dispel Undead            Necr           #.......     100%        5    ######.
 Excruciating Wounds      Chrm/Necr      #.........   100%        5    ######.
 Iskenderun's Battlesphe  Conj/Chrm      #.......     100%        5    ######.
 Lee's Rapid Deconstruct  Erth           #.........   100%        5    ######.
 Metabolic Englaciation   Hex/Ice        #.........   100%        5    ######.
 Venom Bolt               Conj/Pois      #.........   100%        5    ######.
 Yara's Violent Unravell  Hex/Tmut       #.........   100%        5    ######.
 Iron Shot                Conj/Erth      #.........   100%        6    #######
 Statue Form              Tmut/Erth      #........    100%        6    #######
 Orb of Destruction       Conj           #.........   100%        7    #######
 Spellforged Servitor     Conj/Summ      #.........   100%        7    #######
 Shatter                  Erth           #.........   100%        9    #######


Dungeon Overview and Level Annotations

Branches:
Dungeon (13/15)            Temple (1/1) D:7            Lair (6/6) D:8
 Shoals (0/4) Lair:2        Snake (3/4) Lair:3        Slime (0/5) Lair:5
    Orc (2/2) D:10            Elf (0/3) Orc:2        Vaults (0/5) D:13

Altars:
Ashenzari
Cheibriados
Dithmenos
Elyvilon
Fedhas
Gozag
Hepliaklqana
Kikubaaqudgha
Makhleb
Nemelex Xobeh
Okawaru
Qazlal
Ru
Sif Muna
Trog
Uskayaw
Vehumet
Wu Jian
Xom
Yredelemnul
Zin
The Shining One
Beogh

Shops:
D:8 [   Orc:2 *:[(

Annotations:
Snake:3 1 transporter


Innate Abilities, Weirdness & Mutations

You are very small and have problems with some larger weapons.
You are too small for most types of armour.
You have supernaturally acute eyesight. (SInv)
You are a herbivore.
You cover ground extremely quickly.
You need to consume almost no food.
You are somewhat resistant to further mutation.
Your muscles are strong. (Str +2)
Your spells are a little harder to cast, but a little more powerful.


Message History

Press: ? - help, Shift-Dir - straight line, f/p - spatial maelstrom
Aim: a spatial maelstrom (severely damaged)
You shoot a stone. The stone hits the spatial maelstrom!
You destroy the spatial maelstrom!
You now have 9642 gold pieces (gained 18).
t - 278 stones (gained 2)
t - 279 stones (gained 1)
You see here a stone.
Firing (i - inventory. (/) - cycle)
t - 279 stones (quivered)
Press: ? - help, Shift-Dir - straight line, f - efreet
Aim: an efreet, wielding a scimitar of flaming (translocational energy, hasn't You shoot a stone.
The stone hits the efreet!
The stone freezes the efreet!
The efreet is severely wounded.
Firing (i - inventory. (/) - cycle)
t - 278 stones (quivered)
Press: ? - help, Shift-Dir - straight line, f/p - efreet
Aim: an efreet, wielding a scimitar of flaming (translocational energy, You shoot a stone.
The stone hits the efreet.
The stone freezes the efreet.
The efreet is severely wounded.
The efreet gestures at you. The bolt of fire hits you! You resist.
* * * LOW HITPOINT WARNING * * *
Firing (i - inventory. (/) - cycle)
t - 277 stones (quivered)
Press: ? - help, Shift-Dir - straight line, f/p - efreet
Aim: an efreet, wielding a scimitar of flaming (severely wounded)
You shoot a stone. The stone hits the efreet!
The stone freezes the efreet.
You kill the efreet!
t - 277 stones (gained 1)
t - 278 stones (gained 1)
There are no items here.
t - 279 stones (gained 1)
There are no items here.
There are no items here.
You now have 9652 gold pieces (gained 10).
t - 280 stones (gained 1)
You see here a scimitar of flaming.
K - a scimitar of flaming
Found 38 gold pieces.
Found 40 gold pieces.
Found 24 gold pieces.
A daeva comes into view.
It is wielding a long sword of holy wrath.
The daeva shouts!
You hear a roar!
Found a ration.
Found a human skeleton.
You now have 9690 gold pieces (gained 38).
You see here 40 gold pieces.
Unknown command.
You now have 9730 gold pieces (gained 40).
The daeva calls down the wrath of the Shining One upon you.
The Shining One smites you!
* * * LOW HITPOINT WARNING * * *
A ynoxinul comes into view.
Found a scroll of fog.
Okay, then.
Really read
g - 13 scrolls of teleportation {!r}?
As you read the scroll of teleportation {!r}, it crumbles to dust.
You feel strangely unstable.
You feel the power of the Abyss delaying your translocation!
S - 2 scrolls of fog {!r} (gained 1)
There are no items here.
Okay, then.
The daeva calls down the wrath of the Shining One upon you.
The Shining One smites you!
You die...
Your body crumbles into a pile of gold.

..#8.....#...._ .... .
.. ....÷P .# .### #.#
..#. .
..........A#.##....##.
. .......#...
.......... ... ..#..
.. ....#.##. # #
#.....##A.... # ...
##...###...###. ##
##..##.#.#...# . .. #
..###@....#
#.##...#.#.....#.
........#.#..####.
..... .###..##..#.
.......# .###.....#
.#.#.#. ## ..####
#.#.3. .#.. . .. ###.
.....


You could see a daeva.

Vanquished Creatures
  Rupert (D:12)
  Gastronok (D:12)
  A nagaraja (Snake:2)
  An orc warlord (Orc:2)
  Nessos (D:13)
  A minotaur (Lab)
  An ettin (Orc:2)
  The ghost of Dissent the Nimble, a journeyman GnAM of Ashenzari (Lair:1)
  5 naga warriors
  4 vault guards (D:13)
  6 hydras
  Harold (Lair:2)
  2 ice dragons (IceCv)
  A merfolk avatar (Lair:6)
  12 anacondas
  3 two-headed ogres
  A death knight (D:13)
  A centaur warrior (D:13)
  An orc high priest (Orc:2)
  Urug (D:10)
  4 naga sharpshooters
  4 shock serpents
  Nergalle (Lair:3)
  The ghost of Dissent the Frost Mage, a novice DrTm of Ru (D:8)
  A skeletal warrior (D:13)
  A spatial maelstrom (Abyss:5)
  3 sea snakes
  A necromancer (Lair:3)
  5 orc knights
  Pikel (D:5)
  5 naga ritualists
  A deep elf mage (D:12)
  4 orc sorcerers (Orc:2)
  12 mana vipers
  An ugly thing (D:9)
  2 cyclopes
  A manticore (Lair:6)
  5 oklob plants
  7 salamanders
  5 elephants
  10 naga magi
  2 guardian serpents
  Psyche (D:12)
  26 black mambas
  2 ice statues (IceCv)
  Joseph (D:9)
  Maurice (D:8)
  2 gargoyles (D:12)
  7 spiny frogs
  10 rime drakes
  6 komodo dragons
  3 kobold demonologists (D:12)
  2 efreet
  A merfolk (Lair:2)
  3 polar bears
  2 wind drakes (Lair:6)
  4 trolls
  Prince Ribbit (Lair:3)
  4 hornets
  16 blink frogs
  Grinder (D:5)
  5 hippogriffs
  6 slime creatures (D:13)
  4 wraiths
  A human (D:4)
  36 yaks
  5 wyverns
  2 basilisks
  2 hungry ghosts
  Menkaure (D:5)
  A vampire mosquito (D:12)
  22 nagas
  6 wargs
  A soldier ant (D:13)
  Duvessa (D:7)
  16 water moccasins
  An acid dragon (D:12)
  4 porcupines
  45 orc warriors
  19 ice beasts
  4 sky beasts
  4 slaves (D:5)
  3 black bears
  An eye of draining (D:13)
  20 ogres
  8 centaurs
  3 big kobolds
  13 crocodiles
  21 bullfrogs
  5 gnoll sergeants (D:10)
  Dowan (D:7)
  4 scorpions
  A water moccasin skeleton (D:12)
  A wyvern skeleton (D:13)
  3 killer bees (D:7)
  10 wights
  13 electric eels
  7 howler monkeys
  5 crimson imps
  A bullfrog zombie (D:8)
  3 centaur zombies
  10 orc priests
  8 hounds
  Crazy Yiuf (D:5)
  9 jellies
  2 bullfrog skeletons (D:4)
  3 centaur skeletons
  Terence (D:3)
  16 orc wizards
  3 iguanas
  3 worker ants
  7 hell rats (Lair:6)
  3 yak simulacra (Lair:3)
  4 wolf simulacra (Lair:3)
  3 polar bear simulacra (Lair:3)
  2 worker ant zombies
  9 gnolls
  24 adders
  2 howler monkey skeletons
  3 shadow imps
  6 oozes
  2 adder skeletons
  2 adder zombies (D:4)
  7 worms
  3 dart slugs
  8 leopard geckos
  70 orcs
  A bat zombie (D:7)
  5 giant cockroaches
  3 goblins
  4 hobgoblins
  21 jackals
  8 quokkas
  4 ball pythons
  12 bats
  10 frilled lizards
  A giant cockroach zombie (D:4)
  A jackal zombie (D:4)
  21 kobolds
  3 quokka skeletons
  A quokka zombie (D:4)
  10 rats
  2 rat zombies (D:7)
  A river rat simulacrum (Lair:3)
  2 fungi
  6 plants
852 creatures vanquished.

Vanquished Creatures (others)
  A dancing weapon (Lair:1)
  14 fungi
  18 plants
33 creatures vanquished.

Grand Total: 885 creatures vanquished

Notes
Turn   | Place    | Note
-------+----------+-------------------------------------------
     0 | D:1      | Amnesiac the Spriggan Fighter began the quest for the Orb.
     0 | D:1      | Reached XP level 1. HP: 11/11 MP: 2/2
    71 | D:1      | Reached skill level 1 in Stealth
   405 | D:3      | Reached XP level 2. HP: 16/16 MP: 3/3
   700 | D:3      | Reached XP level 3. HP: 13/19 MP: 4/4
   932 | D:2      | Found a shattered altar of Ashenzari.
   936 | D:2      | Saw a vision of the Shoals and the Snake Pit.
   936 | D:2      | Noticed a merfolk siren
   936 | D:2      | Noticed a centaur
   936 | D:2      | Noticed a sea snake
   936 | D:2      | Noticed a hippogriff
   936 | D:2      | Noticed a sea snake
   936 | D:2      | Noticed a naga sharpshooter
   936 | D:2      | Noticed a naga
   936 | D:2      | Noticed a shock serpent
   936 | D:2      | Noticed a naga
   936 | D:2      | Noticed a naga mage
   936 | D:2      | Noticed a naga mage
   936 | D:2      | Noticed a naga
   936 | D:2      | Noticed a naga mage
   937 | D:2      | Noticed a merfolk
  1087 | D:4      | Reached XP level 4. HP: 15/23 MP: 5/5
  1549 | D:4      | Found a runed door.
  1549 | D:4      | Noticed a human
  1556 | D:4      | Found a basalt altar of Yredelemnul.
  1602 | D:4      | Reached XP level 5. HP: 21/27 MP: 6/6
  1670 | D:5      | Entered Level 5 of the Dungeon
  1670 | D:5      | Noticed Grinder
  1675 | D:5      | Learned a level 1 spell: Confusing Touch
  1694 | D:5      | Paralysed by Grinder for 4 turns
  1707 | D:5      | Killed Grinder
  1707 | D:5      | Reached skill level 5 in Short Blades
  1707 | D:5      | Reached skill level 5 in Stealth
  1707 | D:5      | Reached XP level 6. HP: 16/32 MP: 3/7
  1955 | D:5      | Got an ancient fustibalus
  1956 | D:5      | Identified the +7 fustibalus of Kindness {freeze, rPois
                  | rN+} (You found it on level 5 of the Dungeon)
  2053 | D:5      | Reached skill level 1 in Slings
  2100 | D:5      | Reached XP level 7. HP: 35/35 MP: 8/8
  2169 | D:5      | Reached skill level 2 in Slings
  2188 | D:5      | Found a runed door.
  2192 | D:5      | Noticed Crazy Yiuf
  2194 | D:5      | Killed Crazy Yiuf
  2301 | D:6      | Found a glowing drain.
  2311 | D:6      | Reached skill level 3 in Slings
  2377 | D:6      | Reached skill level 4 in Slings
  2394 | Sewer    | Entered a sewer
  2737 | Sewer    | Gained mutation: Your muscles are strong. (Str +2) [potion
                  | of mutation]
  2737 | Sewer    | Gained mutation: You are somewhat resistant to further
                  | mutation. [potion of mutation]
  2737 | Sewer    | Gained mutation: Your spells are a little harder to cast,
                  | but a little more powerful. [potion of mutation]
  3118 | D:6      | Found a deep blue altar of Sif Muna.
  3120 | D:6      | Found a glowing golden altar of the Shining One.
  3149 | D:6      | Found an iron altar of Okawaru.
  3151 | D:6      | Found a shattered altar of Ashenzari.
  3209 | D:7      | You fall through a shaft!
  3209 | D:8      | Noticed a troll
  3233 | D:8      | Reached skill level 5 in Slings
  3271 | D:7      | Reached XP level 8. HP: 36/39 MP: 9/9
  3295 | D:7      | Reached skill level 6 in Slings
  3319 | D:7      | Found a hazy altar of Hepliaklqana.
  3331 | D:7      | Noticed a hornet
  3339 | D:7      | Killed a hornet
  3339 | D:7      | Reached skill level 7 in Slings
  3428 | D:7      | Found a staircase to the Ecumenical Temple.
  3600 | D:7      | Reached skill level 8 in Slings
  3652 | Temple   | Entered the Ecumenical Temple
  3707 | Temple   | Became a worshipper of Gozag Ym Sagoz the Greedy
  3780 | D:7      | Reached skill level 9 in Slings
  3853 | D:7      | Reached XP level 9. HP: 32/43 MP: 10/10
  3869 | D:7      | Learned a level 3 spell: Confuse
  4015 | D:7      | Noticed Duvessa
  4040 | D:7      | Found a flagged portal.
  4053 | Bailey   | Entered a bailey
  4163 | Bailey   | Reached skill level 10 in Slings
  4293 | Bailey   | Reached skill level 11 in Slings
  4332 | Bailey   | Noticed an orc knight
  4535 | Bailey   | Reached skill level 12 in Slings
  4627 | Bailey   | Got a translucent bronze ring
  4668 | Bailey   | Identified the ring of Ramuemuy {+Blink rC++ Str+7 Stlth+}
                  | (You found it in a bailey)
  4769 | Bailey   | Killed an orc knight
  4769 | Bailey   | Reached skill level 13 in Slings
  4769 | Bailey   | Reached XP level 10. HP: 44/47 MP: 11/11
  5738 | D:7      | Noticed Dowan
  5745 | D:7      | Killed Duvessa
  5750 | D:7      | Killed Dowan
  5816 | D:7      | Found an ancient bone altar of Kikubaaqudgha.
  6603 | D:5      | Noticed Pikel
  6609 | D:5      | Killed Pikel
  6609 | D:5      | Reached skill level 14 in Slings
  6797 | D:5      | Noticed Menkaure
  6801 | D:5      | Killed Menkaure
  6801 | D:5      | Reached skill level 1 in Evocations
  6957 | D:4      | Got a shadowed robe
  8414 | D:3      | Noticed Terence
  8422 | D:3      | Killed Terence
  8705 | D:4      | Identified the +4 robe "Raral" {Int+2 Stlth+} (You found it
                  | on level 4 of the Dungeon)
  9419 | D:6      | Got a transparent dagger
  9499 | D:6      | Identified the +8 dagger of Cheese {freeze, Dex+4} (You
                  | found it on level 6 of the Dungeon)
  9672 | D:8      | Noticed Maurice
  9678 | D:8      | Killed Maurice
  9777 | D:8      | Found Sedghuq's Antique Armour Boutique.
  9783 | D:8      | Bought a glowing robe for 129 gold pieces
  9832 | D:8      | Reached skill level 5 in Evocations
  9838 | D:8      | Found a staircase to the Lair.
 10108 | D:8      | Reached skill level 5 in Shields
 10212 | D:8      | Found a transporter.
 10231 | D:8      | Noticed Dissent's ghost (novice DrTm)
 10579 | D:8      | Found a transporter.
 10593 | D:8      | Reached XP level 11. HP: 29/51 MP: 16/16
 10611 | D:8      | Killed Dissent's ghost
 10781 | D:9      | Noticed a two-headed ogre
 10786 | D:9      | Killed a two-headed ogre
 11039 | D:9      | Noticed a brown ugly thing
 11047 | D:9      | Killed a brown ugly thing
 11326 | D:9      | Noticed Joseph
 11334 | D:9      | Killed Joseph
 11445 | D:10     | Entered Level 10 of the Dungeon
 11567 | D:10     | Noticed Urug
 11594 | D:10     | Killed Urug
 11711 | D:10     | Noticed a two-headed ogre
 11718 | D:10     | Killed a two-headed ogre
 11735 | D:10     | Reached skill level 1 in Armour
 11840 | D:10     | Found a staircase to the Orcish Mines.
 11956 | D:10     | Reached skill level 5 in Dodging
 12210 | D:10     | Reached XP level 12. HP: 49/56 MP: 19/19
 13299 | D:12     | Noticed Psyche
 13302 | D:12     | Killed Psyche
 13302 | D:12     | Reached skill level 5 in Armour
 14241 | D:12     | Noticed Rupert
 14262 | D:12     | Paralysed by Rupert for 2 turns
 14288 | D:12     | Killed Rupert
 14288 | D:12     | Reached skill level 5 in Fighting
 14366 | D:12     | Noticed Gastronok
 14393 | D:12     | Killed Gastronok
 14582 | D:13     | Noticed a centaur warrior
 14590 | D:13     | Killed a centaur warrior
 14660 | D:13     | Reached XP level 13. HP: 61/64 MP: 20/20
 14800 | D:13     | Noticed Nessos
 14804 | D:13     | Killed Nessos
 15128 | D:13     | Found a gate to the Vaults.
 15139 | D:13     | Reached skill level 10 in Dodging
 16112 | Orc:1    | Entered Level 1 of the Orcish Mines
 16228 | Orc:1    | Found a roughly hewn altar of Beogh.
 16483 | Orc:1    | Found a roughly hewn altar of Beogh.
 16563 | Orc:2    | Entered Level 2 of the Orcish Mines
 16794 | Orc:2    | Noticed an orc warlord
 16915 | Orc:2    | Killed an orc warlord
 16918 | Orc:2    | Found Vaaf's Antique Armour Emporium.
 16992 | Orc:2    | Found Serricoa's Antique Weapon Emporium.
 17095 | Orc:2    | Noticed an ettin
 17098 | Orc:2    | Killed an ettin
 17437 | Orc:2    | Found Baomauna's General Store.
 17461 | Orc:2    | Found a staircase to the Elven Halls.
 17474 | Orc:2    | Bought a scroll of fear for 42 gold pieces
 17566 | Orc:2    | Bought a runed cloak for 262 gold pieces
 17638 | Orc:2    | Found Zatuw's Book Boutique.
 18015 | Lair:1   | Entered Level 1 of the Lair of Beasts
 18087 | Lair:1   | Found a shimmering altar of Xom.
 18119 | Lair:1   | Found a runed door.
 18120 | Lair:1   | Found a shimmering altar of Xom.
 18120 | Lair:1   | Noticed Dissent's ghost (journeyman GnAM)
 18207 | Lair:1   | Reached XP level 14. HP: 72/72 MP: 21/21
 18563 | Lair:1   | Found a labyrinth entrance.
 18572 | Lab      | Entered a labyrinth
 18739 | Lab      | Got a fine silver ring
 18741 | Lab      | Identified the ring of Insomnia {*Contam +Inv AC+4 Str+3}
                  | (You found it in a labyrinth)
 18743 | Lab      | Got a translucent rapier
 18744 | Lab      | Identified the +8 rapier "Hydraslayer" {chaos, rElec rC+
                  | rN+ Dex-4} (You found it in a labyrinth)
 19470 | Lair:2   | Identified a paperback manual
 19654 | Lair:2   | Noticed Harold
 19665 | Lair:2   | Killed Harold
 19707 | Lair:2   | Found a frozen archway.
 19716 | IceCv    | Entered an ice cave
 19771 | IceCv    | Reached skill level 15 in Slings
 20136 | IceCv    | Reached skill level 16 in Slings
 20180 | IceCv    | Got a transparent bronze amulet
 20299 | IceCv    | Identified the amulet "Giukkul" {Harm *Drain rF+ rN+ Dex+7
                  | Slay-4} (You found it in an ice cave)
 20645 | Lair:2   | Identified the Handbook of the Rocks and Poisoning
 20999 | Lair:2   | Reached skill level 17 in Slings
 21200 | Lair:2   | Found a staircase to the Shoals.
 21486 | Lair:1   | Killed Dissent's ghost
 21510 | Lair:1   | Identified Lanasit's Early Guide to Spellcraft
 21525 | Lair:1   | Learned a level 2 spell: Passwall
 21528 | Lair:1   | Learned a level 2 spell: Corpse Rot
 21714 | Lair:3   | Reached skill level 18 in Slings
 21714 | Lair:3   | Noticed Prince Ribbit
 21718 | Lair:3   | Killed Prince Ribbit
 21762 | Lair:3   | Found a staircase to the Snake Pit.
 22364 | Lair:3   | Noticed Nergalle
 22407 | Lair:3   | Killed Nergalle
 22850 | Lair:4   | Reached skill level 19 in Slings
 23626 | Lair:5   | Found a glowing golden altar of the Shining One.
 23909 | Lair:5   | Found a staircase to the Slime Pits.
 24322 | Lair:6   | Entered Level 6 of the Lair of Beasts
 24432 | Lair:6   | Reached XP level 15. HP: 61/76 MP: 22/22
 24529 | Lair:6   | Reached skill level 20 in Slings
 24606 | Lair:6   | HP: 2/76 [drowned by a drowned soul[a merfolk avatar] (19)]
 25087 | Lair:6   | Got a pitted turquoise ring
 25089 | Lair:6   | Identified the ring of the Mutiny {rF+ rC+ MP+9 Str+4
                  | Dex-3} (You found it on level 6 of the Lair of Beasts)
 26395 | Snake:1  | Entered Level 1 of the Snake Pit
 26564 | Snake:1  | Reached skill level 21 in Slings
 27501 | Snake:2  | Noticed a nagaraja
 27523 | Snake:2  | Killed a nagaraja
 27555 | Snake:2  | Reached skill level 22 in Slings
 28086 | Snake:2  | Reached XP level 16. HP: 25/80 MP: 23/23
 28758 | Snake:3  | Reached skill level 23 in Slings
 29270 | Snake:3  | Found a transporter.
 29941 | Snake:3  | Found a transporter.
 30280 | Snake:3  | HP: 4/80 [shock serpent/bolt of electricity (22)]
 30281 | Snake:3  | Cast into level 3 of the Abyss (the power of Zot)
 30420 | Abyss:5  | Entered Level 5 of the Abyss
 30420 | Abyss:5  | Found a corrupted altar of Lugonu.
 30477 | Abyss:5  | Killed from afar by a daeva

Vault maps used:
D:1:      zaba_arrival_water
D:2:      first_ration, grunt_decor_mini_mirrors, grunt_ashenzari_visionary
D:3:      skrybe_limestone_x, mrwooster_statue_mirror, guppyfry_early_lair_pool,
          uniq_terence
D:4:      serial_undead, serial_undead_c, serial_undead_e, serial_undead_c,
          serial_undead_d, serial_undead_e, dk_yredelemnul_ordeal
D:5:      minivault_1, minmay_lizard_king, uniq_grinder,
          uniq_crazy_yiuf_cottage, uniq_menkaure, uniq_pikel
D:6:      nicolae_overflow_hidden_temple, gup_sewer_entry_glass
D:7:      black_bear_nest_2, kennysheep_mini_moat,
          lemuel_zombie_altar_kikubaaqudgha, minmay_temple_entry_overgrown,
          enter_bailey_7, nrook_pool_corridor, grunt_ogre_cave,
          minmay_misc_feat_encased, uniq_duvessa
D:8:      erik_lair_orcish_takeover, gammafunk_ghost_smash, serial_bayou,
          serial_bayou_pond_b, serial_bayou_lake_a, serial_bayou_pond_d,
          serial_bayou_pond_a, serial_shops, nicolae_shop_statue_plus,
          uniq_maurice
D:9:      uniq_joseph
D:10:     kennysheep_orc_monster_closet_entryway, uniq_urug
D:12:     nooodl_glass_maze, uniq_psyche, uniq_gastronok, uniq_rupert
D:13:     lightli_vaults_fourway_checkpoint, uniq_nessos
Temple:   compressed_dpeg_circular_temple
Lair:1:   basic_altar, lab_entry_generic, ebering_ghost_xom,
          minmay_lair_oklob_items, grunt_megastairs_1, infiniplex_staircase_pool
Lair:2:   cheibrodos_lair_river_kwai, elwin_shoals_entry_rooms,
          portal_ice_cave_entry_pillars_2, lemuel_fruit_tree,
          grunt_megastairs_4, minmay_lair_oklob_chamber, uniq_harold
Lair:3:   minmay_snake_entry_guardpost_medium, eino_house_with_fridge,
          uniq_prince_ribbit2, uniq_nergalle
Lair:4:   infiniplex_staircase_pool_2
Lair:5:   nicolae_slime_entry_slimehenge, basic_altar, grunt_megastairs_2
Lair:6:   gammafunk_lair_ancient_temple
Snake:2:  serial_bayou_lagoon_a, serial_bayou_shore_b
Snake:3:  gammafunk_its_a_trap
Orc:1:    basic_altar, mines1_david
Orc:2:    grunt_orc_gardens, grunt_orc_garden, grunt_orc_garden,
          grunt_orc_garden, grunt_orc_garden
Abyss:3:  hangedman_abyss_or_decor_jellyfish_corner
Abyss:5:  evilmike_abyss_exit_17, nicolae_abyss_rune_left_handed, minivault_19,
          hangedman_abyss_feature_spike, hangedman_decor_points, minivault_13
Lab:      labyrinth_green
Sewer:    sewer_fruit_machine
Bailey:   bailey_polearm_2, bailey
IceCv:    ice_cave_small_dragons

Skill      XL: |  1  2  3  4  5  6  7  8  9 10 11 12 13 14 15 16 |
---------------+-------------------------------------------------+-----
Stealth        | 1 3 4 5 8 |  8.0
Short Blades   | 3 4 5 6 8 |  8.0
Shields        | 3 5 7 |  7.3
Slings         | 1 5 9 13 14 19 22 23 | 23.7
Evocations     | 6 8 |  8.5
Armour         | 3 6 8 |  8.2
Dodging        | 5 9 14 | 14.7
Fighting       | 3 5 7 |  7.6

Action                   |  1- 3 |  4- 6 |  7- 9 | 10-12 | 13-15 | 16-18 || total
-------------------------+-------+-------+-------+-------+-------+-------++-------
Melee: Rapier            |    99 |   115 |     7 |    11 |       |       ||   232
       Unarmed           |       |     5 |       |       |       |       ||     5
       Dagger            |       |       |       |     2 |   104 |       ||   106
 Fire: Fustibalus        |       |    16 |   284 |   910 |  1663 |   248 ||  3121
Throw: Stone             |       |       |       |     2 |       |       ||     2
 Cast: Confusing Touch   |       |     2 |       |       |       |       ||     2
Invok: Potion Petition   |       |       |       |       |     1 |       ||     1
 Abil: Evoke Blink       |       |       |       |    80 |       |       ||    80
Evoke: Wand              |       |       |       |       |     5 |       ||     5
  Use: Scroll            |       |     3 |    10 |     7 |    10 |     2 ||    32
       Potion            |       |       |     6 |     1 |     6 |       ||    13
 Stab: Sleeping          |     2 |       |       |     3 |       |       ||     5
       Confused          |       |     1 |       |       |       |       ||     1
       Distracted        |       |       |       |     1 |       |       ||     1
  Eat: Ration            |       |       |     4 |     4 |     8 |       ||    16
Armor: Robe              |     7 |     6 |    10 |    10 |       |       ||    33
       Ice dragon scales |       |       |       |       |    40 |     4 ||    44
Dodge: Dodged            |    79 |   120 |    76 |    77 |   207 |    49 ||   608
Block: Buckler           |    30 |    41 |    38 |    56 |   149 |    28 ||   342
       Reflection        |       |       |       |       |     8 |       ||     8

Table legend:
 A = Non-vault XP
 B = Vault XP
 C = Vault XP percentage of total XP
 D = Non-vault monster count
 E = Vault monster count
 F = Vault count percentage of total count
                 A         B        C        D         E       F
            +---------+---------+-------+---------+---------+-------
      Total |  110007 |   66200 |  37.6 |     557 |     284 |  33.8
            +---------+---------+-------+---------+---------+-------
        D:1 |      50 |       0 |   0.0 |      25 |       0 |   0.0
        D:2 |      12 |       0 |   0.0 |       4 |       0 |   0.0
        D:3 |     283 |      36 |  11.3 |      33 |       1 |   2.9
        D:4 |     675 |     325 |  32.5 |      26 |      10 |  27.8
        D:5 |     502 |    1163 |  69.8 |      17 |      11 |  39.3
        D:6 |     553 |      68 |  11.0 |      14 |       6 |  30.0
        D:7 |    1306 |     508 |  28.0 |      21 |      11 |  34.4
        D:8 |     923 |    2691 |  74.5 |      21 |      17 |  44.7
        D:9 |    2587 |     439 |  14.5 |      28 |       1 |   3.4
       D:10 |    4315 |    2628 |  37.9 |      60 |      21 |  25.9
       D:11 |    3746 |       0 |   0.0 |      33 |       0 |   0.0
       D:12 |    4956 |    6352 |  56.2 |      32 |       9 |  22.0
       D:13 |    6176 |    6868 |  52.7 |      23 |      12 |  34.3
     Lair:1 |    4405 |    4093 |  48.2 |      13 |       9 |  40.9
     Lair:2 |    1677 |    7469 |  81.7 |       6 |      21 |  77.8
     Lair:3 |    2624 |    3501 |  57.2 |      11 |      21 |  65.6
     Lair:4 |    3888 |       0 |   0.0 |      19 |       0 |   0.0
     Lair:5 |    2233 |     814 |  26.7 |       9 |       9 |  50.0
     Lair:6 |    7086 |    9794 |  58.0 |      32 |      26 |  44.8
    Snake:1 |   14399 |       0 |   0.0 |      29 |       0 |   0.0
    Snake:2 |   24372 |       0 |   0.0 |      41 |       0 |   0.0
    Snake:3 |   19031 |       0 |   0.0 |      35 |       0 |   0.0
      Orc:1 |    1011 |       0 |   0.0 |      10 |       0 |   0.0
      Orc:2 |    2847 |    9162 |  76.3 |      14 |      27 |  65.9
    Abyss:5 |     350 |     757 |  68.4 |       1 |       1 |  50.0
        Lab |       0 |    1292 | 100.0 |       0 |       1 | 100.0
      Sewer |       0 |      71 | 100.0 |       0 |      24 | 100.0
     Bailey |       0 |    2807 | 100.0 |       0 |      26 | 100.0
      IceCv |       0 |    5362 | 100.0 |       0 |      20 | 100.0
            +---------+---------+-------+---------+---------+-------
